 Dungeon Crawl Stone Soup version 0.19-a0-330-g034cfd4 (webtiles) character file.

9 epen the Gusty (level 2, 0/16 HPs)
             Began as a Deep Elf Air Elementalist on May 28, 2016.
             Slain by an adder (3 damage)
             ... on level 1 of the Dungeon.
             The game lasted 00:00:57 (613 turns).

epen the Gusty (Deep Elf Air Elementalist)           Turns: 613, Time: 00:00:58

Health: 0/16       AC:  2    Str:  5    XL:     2   Next: 6%
Magic:  6/8        EV: 13    Int: 19    God:
Gold:   56         SH:  0    Dex: 15    Spells: 2 memorised, 4 levels left

rFire  . . .     SeeInvis .     f - +3 short sword
rCold  . . .     Gourm    .     a - +0 robe
rNeg   . . .     Faith    .     (no shield)
rPois  .         Spirit   .     (no helmet)
rElec  .         Dismiss  .     (no cloak)
rCorr  .         Reflect  .     (no gloves)
SustAt .         Harm     .     (no boots)
MR     .....                    (no amulet)
Stlth  ++........               (no ring)
                                (no ring)

@: lethally poisoned (0 -> -14), very slightly contaminated, repel missiles, not
resistant to hostile enchantments, unstealthy
A: no striking features
a: no special abilities


You were on level 1 of the Dungeon.
You were not hungry.

You visited 1 branch of the dungeon, and saw 2 of its levels.

You collected 56 gold pieces.

Inventory:

Hand Weapons
 f - a +3 short sword (weapon)
Armour
 a - a +0 robe (worn)
Scrolls
 d - a scroll of identify {unknown}
Potions
 e - a potion of heal wounds {unknown}
 g - a potion of haste {unknown}
 h - a potion of resistance {unknown}
Books
 b - a book of Air

   Spells                             Type                      Level
   a - Shock                          Conjuration/Air              1
   b - Swiftness                      Charms/Air                   2
   c - Repel Missiles                 Charms/Air                   2
   d - Static Discharge               Conjuration/Air              3
   e - Lightning Bolt                 Conjuration/Air              5
Comestibles
 c - a bread ration


   Skills:
 + Level 0.4 Fighting
 + Level 2.5 Dodging
 - Level 2.4 Stealth
 + Level 3.0 Spellcasting
 * Level 1.5 Conjurations
 * Level 3.1 Air Magic


You had 4 spell levels left.
You knew the following spells:

 Your Spells              Type           Power        Failure   Level  Hunger
a - Shock                 Conj/Air       ##..         8%          1    None
b - Repel Missiles        Chrm/Air       #.....       14%         2    ##.....


Dungeon Overview and Level Annotations

Branches:
Dungeon (2/15)

Altars:


Message History

You are very lightly contaminated with residual magic.
The wind howls around you! The adder bites you.
You are more poisoned.
The adder poisons you!
You hit the adder.
The adder is heavily wounded.
You feel sick. The adder barely misses you. The adder bites you.
You are more poisoned.
The adder poisons you!
You hit the adder.
The adder is almost dead.
* * * LOW HITPOINT WARNING * * *
You feel sick. The adder misses you.
You are too injured to fight recklessly!
You are too injured to fight recklessly!
You closely miss the adder.
The adder is almost dead.
* * * LOW HITPOINT WARNING * * *
You feel sick. The adder closely misses you. The adder bites you.
You die...

#.....(##.#########.## ##.#.....
#......##..........#.## #..#..#..
#..##.............###.###...#.#..
..>.......#######..#........#...#
######.##.# #.#.#####....#..# #
#.##.# #.#.# #....#... # #.##.#
##.#.# #.....#.. # #)##.#
###S...# ###...#.. # ##.##.#
#..@...# #...... #####...#.#
#.#..[#########....# ..........#
#.##................ #####...###
#.######.###.####... .#####.##
#.# #.# #........ .).....# #.#
#.###.#####.# .#####.# #.#
#.....# #.. .......## #.# #######
### #####...######.#


You could see an adder.

Vanquished Creatures
  2 goblins (D:1)
  A hobgoblin (D:1)
  2 bats (D:1)
  3 giant newts (D:1)
  A kobold (D:1)
  A rat (D:1)
10 creatures vanquished.

Notes
Turn   | Place    | Note
--------------------------------------------------------------
     0 | D:1      | epen the Deep Elf Air Elementalist began the quest for the Orb.
     0 | D:1      | Reached XP level 1. HP: 10/10 MP: 6/6
   332 | D:1      | Reached XP level 2. HP: 16/16 MP: 6/8
   336 | D:1      | Learned a level 2 spell: Repel Missiles
   613 | D:1      | Slain by an adder

Vault maps used:
D:1:      lemuel_arrival_funnel, hangedman_decor_peaks_small, feat_on_display
D:2:      xom_teletrap_fun, lemuel_zombie_altar_kikubaaqudgha,
          marbit_many_paths, grunt_pakellas_basics, uniq_natasha, uniq_sigmund,
          uniq_terence

Action                   || total
-------------------------++-------
Melee: Short sword       ||     5
 Cast: Shock             ||    18
       Repel Missiles    ||     1
Armor: Robe              ||     1
Dodge: Dodged            ||     6
